 Dungeon Crawl Stone Soup version 0.19.5 (webtiles) character file.

262929 Peloso the Hoplite (level 19, -2/180 HPs)
             Began as a Minotaur Fighter on Apr 20, 2017.
             Was the Champion of Okawaru.
             Slain by an orc knight
             ... wielding a +2 battleaxe
              (25 damage)
             ... on level 2 of the Elven Halls on Apr 21, 2017.
             The game lasted 02:44:53 (40141 turns).

Peloso the Hoplite (Minotaur Fighter)              Turns: 40141, Time: 02:44:53

Health: -2/180     AC: 34    Str: 33    XL:     19   Next: 23%
Magic:  11/11      EV: 13    Int:  6    God:    Okawaru [******]
Gold:   4147       SH: 18    Dex: 14    Spells: 0 memorised, 18 levels left

rFire  + + .     SeeInvis +     Y - +9 long sword of Gloom {protect, rF+ rN++}
rCold  x . .     Gourm    .     B - +3 plate armour of Context {Str+3 Slay+3 SInv Stlth-}
rNeg   + + +     Faith    +     b - +0 shield {reflect}
rPois  .         Spirit   .     (helmet restricted)
rElec  .         Reflect  +     V - +0 cloak {MR+}
rCorr  +         Harm     .     h - +2 pair of gloves {Str+3}
MR     +++..                    (no boots)
Stlth  ..........               t - amulet of Toc Nafu {Faith MR+}
                                R - ring "Susasi" {Fire rN++ MP-9 Slay+5}
                                y - ring of the Octopus King {rCorr AC+1 EV+1 Str+1 Int+1 Dex+1}

@: about to teleport, protection aura
A: retaliatory headbutt, horns 2, slow regeneration 1
a: Heroism, Finesse, Renounce Religion
}: 2/15 runes: decaying, gossamer


You were on level 2 of the Elven Halls.
You worshipped Okawaru.
Okawaru was exalted by your worship.
You were hungry.

You visited 7 branches of the dungeon, and saw 34 of its levels.
You also visited: Trove, Ossuary and Ice Cave.

You collected 5299 gold pieces.
You spent 1152 gold pieces at shops.

Inventory:

Hand Weapons
 c - a +5 long sword of freezing
 f - the +7 scimitar of the Dark Horse {slice, rElec rC+}
   (Okawaru gifted it to you on level 1 of the Spider Nest)

   It inflicts extra damage upon your enemies.
   It protects you from cold.
   It insulates you from electricity.
 s - a +2 long sword of electrocution
 D - a +2 scimitar of flaming
 Y - the +9 long sword of Gloom (weapon) {protect, rF+ rN++}
   (You took it off a tengu conjurer on level 9 of the Dungeon)

   It protects the one who uses it against injury (+AC on strike).
   It protects you from fire.
   It greatly protects you from negative energy.
Armour
 b - a +0 shield of reflection (worn)
 h - a +2 pair of gloves of strength (worn)
 B - the +3 plate armour of Context (worn) {Str+3 Slay+3 SInv Stlth-}
   (You bought it in a shop on level 2 of the Orcish Mines)

   It affects your strength (+3).
   It affects your accuracy and damage with ranged weapons and melee attacks
   (+3).
   It lets you see invisible.
   It makes you less stealthy.
 T - the +1 cloak of Starlight {rElec rC+ EV+4 Stlth--}
   (Okawaru gifted it to you on level 15 of the Dungeon)

   It affects your evasion (+4).
   It protects you from cold.
   It insulates you from electricity.
   It makes you much less stealthy.
 V - a +0 cloak of magic resistance (worn)
Jewellery
 n - an uncursed ring of flight
 t - the amulet of Toc Nafu (around neck) {Faith MR+}
   (You found it in a treasure trove)

   [amulet of faith]

   It allows you to gain divine favour quickly.
   It affects your resistance to hostile enchantments.
 u - the amulet of Monotheism {RegenMP rC- Int+4 Dex-4 Slay+5}
   (You took it off a deep elf demonologist on level 1 of the Elven Halls)

   [amulet of magic regeneration]

   It increases your magic regeneration.
   It affects your intelligence (+4).
   It affects your dexterity (-4).
   It affects your accuracy and damage with ranged weapons and melee attacks
   (+5).
   It makes you vulnerable to cold.
 y - a ring of the Octopus King (left hand) {rCorr AC+1 EV+1 Str+1 Int+1 Dex+1}
   (You bought it in a shop on level 2 of the Orcish Mines)

   [ring of resist corrosion]

   It affects your AC (+1).
   It affects your evasion (+1).
   It affects your strength (+1).
   It affects your intelligence (+1).
   It affects your dexterity (+1).
 C - an uncursed ring of protection from cold
 E - an uncursed ring of poison resistance
 R - the ring "Susasi" (right hand) {Fire rN++ MP-9 Slay+5}
   (You found it in a treasure trove)

   [ring of fire]

   It enhances your fire magic.
   It affects your accuracy and damage with ranged weapons and melee attacks
   (+5).
   It protects you from fire.
   It makes you vulnerable to cold.
   It greatly protects you from negative energy.
   It affects your magic capacity (-9).
Wands
 e - a wand of disintegration (8/24)
 P - a wand of digging (9/24)
 Z - a wand of teleportation (3/9)
Scrolls
 a - 4 scrolls of magic mapping
 d - 7 scrolls of identify
 g - 14 scrolls of recharging
 k - 8 scrolls of remove curse
 r - a scroll of holy word
 A - 2 scrolls of summoning
 F - a scroll of enchant armour
 G - 3 scrolls of blinking
 N - 3 scrolls of fear
 Q - a scroll of vulnerability
 S - 7 scrolls of teleportation
 X - a scroll of enchant weapon
Potions
 i - 3 potions of berserk rage
 j - 2 potions of invisibility
 l - 4 potions of flight
 o - 4 potions of agility
 p - 4 potions of haste
 z - 6 potions of resistance
 H - 4 potions of might
 I - 2 potions of heal wounds
Books
 v - a book of Burglary

   Spells                             Type                      Level
   a - Swiftness                      Charms/Air                   2
   b - Passwall                       Transmutation/Earth          2
   c - Passage of Golubria            Translocation                4
   d - Lee's Rapid Deconstruction     Earth                        5
   e - Darkness                       Hexes                        6
   f - Invisibility                   Hexes                        6
 J - Sif Muna's Almanac of the Escort
   (You found it on level 1 of the Elven Halls)

   Spells                             Type                      Level
   a - Call Canine Familiar           Summoning                    3
   b - Summon Ice Beast               Ice/Summoning                4
   c - Summon Demon                   Summoning                    5
   d - Summon Forest                  Summoning/Translocation      5
   e - Summon Hydra                   Summoning                    7
   f - Dragon's Call                  Summoning                    9
 K - a book of Beasts

   Spells                             Type                      Level
   a - Summon Butterflies             Summoning                    1
   b - Call Canine Familiar           Summoning                    3
   c - Summon Ice Beast               Ice/Summoning                4
   d - Summon Mana Viper              Hexes/Summoning              5
   e - Summon Hydra                   Summoning                    7
 L - a book of Unlife

   Spells                             Type                      Level
   a - Recall                         Summoning/Translocation      3
   b - Animate Dead                   Necromancy                   4
   c - Control Undead                 Necromancy                   4
   d - Cigotuvi's Embrace             Necromancy                   5
   e - Death Channel                  Necromancy                   6
   f - Simulacrum                     Ice/Necromancy               6
Comestibles
 m - 28 fruits
 x - 19 meat rations
 O - a bread ration
 U - 7 beef jerkies
 W - 2 slices of pizza


   Skills:
 + Level 18.5 Fighting
 + Level 19.7 Long Blades
   Level 3.7 Axes
 + Level 18.1 Armour
 + Level 5.4 Dodging
 + Level 2.2 Stealth
 + Level 22.1 Shields
 + Level 0.7 Unarmed Combat
 + Level 1.4 Invocations
 + Level 2.8 Evocations


You had 18 spell levels left.
You didn't know any spells.

Dungeon Overview and Level Annotations

Branches:
Dungeon (15/15)            Temple (1/1) D:5            Lair (6/6) D:11
  Swamp (4/4) Lair:4       Spider (4/4) Lair:3        Slime (0/5) Lair:6
    Orc (2/2) D:12            Elf (2/3) Orc:2        Vaults (0/5) D:13
 Depths (0/5) D:15

Altars:
Ashenzari
Cheibriados
Dithmenos
Elyvilon
Fedhas
Gozag
Hepliaklqana
Kikubaaqudgha
Makhleb
Nemelex Xobeh
Okawaru
Qazlal
Ru
Sif Muna
Trog
Uskayaw
Vehumet
Xom
Yredelemnul
Zin
The Shining One

Shops:
D:10 *   D:13 ?   Orc:1 (   Orc:2 :(=*[

Annotations:
D:10 exclusions: ice statue and obsidian statue


Innate Abilities, Weirdness & Mutations

You reflexively headbutt those who attack you in melee.
You have a pair of horns on your head.
You regenerate slowly when monsters are visible.


Message History

The orc knight is lightly wounded.
The orc priest calls down the wrath of Beogh upon you.
Beogh smites you!
* * * LOW HITPOINT WARNING * * *
You slice the orc knight!! You headbutt the orc knight!
The orc knight is severely wounded.
You block the orc knight's attack.
The orc priest invokes the aid of Beogh against you.
Beogh smites you!
* * * LOW HITPOINT WARNING * * *
You slash the orc knight!
The orc knight is severely wounded.
The orc knight roars a battlecry!
The orcs go into a battle-frenzy!
Unknown command.
As you read the scroll of teleportation, it crumbles to dust.
You feel strangely unstable.
The orc warrior no longer looks unusually strong.
The orc knight hits you with an enchanted battleaxe!!
You die...

...).# #.....##
#.........# .....#
#.....####.........#
.....#
#....)'..'.........#
<..###
#.....####.........+
...# ##'...##
#.........# #'##
##.##'#'##
##.......## #.#
##.###.##.##
##.....'## #.# ##.##
#)###.## ####+##.#
#.# ##.## #@# ##.##
##. #.# ##.## #o#
##.## ## #'### ##.##
#o# ##.## #
...>###.## ###o###
##.## ....##>##
#.ooo.# ##.##
:....'## ##..o.o##
##.# .)...##
#.......# ######
/..!.)#
#.......###oooo.#
### .....##
#......./.#ooooo#
+..


You could see an orc knight, 4 orc warriors and 2 orc priests.

Vanquished Creatures
  the Lernaean hydra (Swamp:4)
  Nikola (Spider:4)
  Arachne (Spider:4)
  Rupert (D:15)
  Asterion (Spider:1)
  A sphinx (D:15)
  Agnes (Spider:1)
  Kirke (Lair:5)
  Roxanne (Spider:1)
  A thorn hunter (Swamp:4)
  Donald (Swamp:1)
  4 ghost moths (Spider:4)
  Aizul (Swamp:1)
  An iron dragon (D:15)
  2 orc warlords
  Louise (Spider:1)
  6 emperor scorpions
  2 entropy weavers
  Nessos (Lair:6)
  2 deep elf demonologists
  Azrael (Spider:3)
  A white draconian (IceCv)
  The ghost of nano the Unseen, a journeyman SpEn of Ashenzari (Swamp:2)
  A dire elephant (Lair:6)
  A spark wasp (Spider:4)
  A crystal guardian (D:15)
  An ettin (D:13)
  A fire dragon (D:15)
  Josephine (D:15)
  A great orb of eyes (D:15)
  A yaktaur captain (D:15)
  A deep elf high priest (Elf:2)
  A rakshasa (D:15)
  Erolcha (Orc:1)
  23 hydras
  An ice dragon (D:14)
  A merfolk avatar (Lair:6)
  3 ghost crabs
  10 centaur warriors
  An ogre mage (D:15)
  The ghost of nano the Unseen, a journeyman SpEn of Dithmenos (Lair:4)
  5 alligators (Swamp:3)
  2 death knights
  2 deep troll earth magi (D:15)
  11 dancing weapons (Elf:1)
  Urug (Lair:5)
  6 orc high priests
  Sonja (D:10)
  10 deep elf knights
  2 sea snakes (Lair:6)
  A flayed ghost (D:15)
  A fire crab (D:15)
  A deep troll (D:15)
  4 unseen horrors
  2 shadow demons (Elf:1)
  A lindwurm (Lair:4)
  2 shambling mangroves
  The ghost of Dadi the Basher, a novice GrFi of Okawaru (D:12)
  10 deep elf archers (Elf:1)
  10 swamp dragons
  12 hill giants
  A harpy (Lair:6)
  A hill giant (shapeshifter) (D:15)
  15 orc knights
  A wolf spider zombie (D:15)
  An ugly thing (D:15)
  15 orb spiders
  26 wolf spiders
  6 cyclopes
  8 orc sorcerers
  36 deep elf magi
  A salamander (shapeshifter) (Elf:1)
  2 manticores (Lair:6)
  7 elephants (Lair:6)
  4 moths of wrath
  Joseph (D:7)
  Maurice (Orc:2)
  A guardian serpent (shapeshifter) (Elf:1)
  3 black mambas
  21 spiny frogs
  A gargoyle (D:15)
  2 ice statues (IceCv)
  4 torpor snails
  8 demonic crawlers
  An efreet (D:15)
  3 kobold demonologists
  16 komodo dragons
  5 rime drakes (Lair:6)
  A freezing wraith (D:15)
  23 jumping spiders
  A tengu conjurer (D:9)
  15 polar bears
  7 trolls
  3 meliai (D:15)
  14 hornets
  8 tyrant leeches
  A wind drake (Lair:6)
  A wolf spider simulacrum (D:15)
  2 jumping spiders (shapeshifter) (D:15)
  13 blink frogs
  2 two-headed ogres
  18 bog bodies
  6 slime creatures
  A meliai zombie (D:15)
  9 hippogriffs
  A centaur simulacrum (D:15)
  5 wraiths (D:15)
  55 redbacks
  2 spriggans (Swamp:3)
  Sigmund (D:4)
  2 water elementals (D:12)
  4 air elementals
  32 tarantellas
  7 fire elementals
  6 wyverns
  16 humans (D:13)
  4 basilisks
  57 yaks
  A hog (Lair:5)
  A hog (shapeshifter) (D:13)
  Menkaure (D:5)
  12 vampire mosquitoes
  16 insubstantial wisps
  A mottled dragon (D:14)
  2 soldier ants (D:8)
  10 swamp worms
  5 wargs
  16 water moccasins
  A hell hound (Spider:3)
  6 porcupines
  48 orc warriors
  A sky beast (D:11)
  3 black bears
  21 swamp drakes
  15 ice beasts
  A phantom (D:7)
  14 ogres
  An eye of draining (D:12)
  An eye of draining (shapeshifter) (D:13)
  7 boggarts
  4 necrophages
  18 wolves
  9 centaurs
  14 crocodiles
  2 big kobolds (D:12)
  20 bullfrogs
  2 earth elementals (Elf:2)
  3 scorpions
  17 killer bees
  16 wights
  An electric eel (D:12)
  10 howler monkeys
  4 centaur zombies
  8 crimson imps
  5 bullfrog zombies
  5 hounds
  A quasit (D:10)
  31 orc priests
  10 jellies
  5 centaur skeletons
  A gnoll shaman (D:6)
  2 bullfrog skeletons
  Terence (D:2)
  21 orc wizards
  Natasha (thrice) (D:3)
  9 iguanas
  14 worker ants
  A killer bee zombie (D:6)
  A big kobold zombie (Ossuary)
  A hound zombie (D:6)
  A hound skeleton (D:5)
  8 mummies (Ossuary)
  A worker ant zombie (D:11)
  19 gnolls
  18 adders
  3 shadow imps
  2 oozes (Lair:6)
  An adder skeleton (D:8)
  4 worms
  A dart slug (D:1)
  10 leopard geckos
  105 orcs
  4 bats
  6 giant cockroaches
  3 gnoll zombies (Ossuary)
  7 hobgoblins
  10 jackals
  3 quokkas
  3 ball pythons
  A ball python skeleton (D:4)
  4 frilled lizards
  9 goblins
  3 hobgoblin zombies (Ossuary)
  9 kobolds
  A kobold zombie (Ossuary)
  A leopard gecko skeleton (D:5)
  3 rats
  2 briar patches (Swamp:4)
  2 fungi (Lair:1)
1345 creatures vanquished.

Vanquished Creatures (others)
  2 deep elf knights (Elf:1)
  A deep elf archer (Elf:1)
  A jumping spider (Spider:4)
  A shadow (Swamp:2)
  4 humans (Lair:5)
  A swamp drake (Swamp:2)
  A briar patch (Swamp:4)
  A bush (Swamp:4)
  20 fungi
  18 plants
50 creatures vanquished.

Grand Total: 1395 creatures vanquished

Notes
Turn   | Place    | Note
-------+----------+-------------------------------------------
     0 | D:1      | Peloso the Minotaur Fighter began the quest for the Orb.
     0 | D:1      | Reached XP level 1. HP: 19/19 MP: 0/0
    84 | D:1      | Reached XP level 2. HP: 27/27 MP: 1/1
   187 | D:1      | Reached skill level 4 in Shields
   789 | D:2      | Reached XP level 3. HP: 33/33 MP: 2/2
   923 | D:2      | Noticed Terence
   943 | D:2      | Killed Terence
   943 | D:2      | Reached XP level 4. HP: 38/40 MP: 3/3
   993 | D:2      | Found a faded altar of an unknown god.
  1549 | D:3      | Noticed Natasha
  1557 | D:3      | Killed Natasha
  1557 | D:3      | Reached skill level 1 in Dodging
  1573 | D:3      | Reached XP level 5. HP: 34/47 MP: 4/4
  1630 | D:3      | Noticed Natasha
  1632 | D:3      | Killed Natasha
  1684 | D:3      | Noticed Natasha
  1694 | D:3      | Killed Natasha
  1757 | D:3      | Reached skill level 5 in Shields
  2038 | D:3      | Found a radiant altar of Vehumet.
  2038 | D:3      | Found a basalt altar of Yredelemnul.
  2053 | D:3      | Found a glowing silver altar of Zin.
  2055 | D:3      | Found a glowing golden altar of the Shining One.
  2057 | D:3      | Found a white marble altar of Elyvilon.
  2139 | D:4      | Noticed Sigmund
  2148 | D:4      | Killed Sigmund
  2148 | D:4      | Reached skill level 5 in Fighting
  2148 | D:4      | Reached skill level 5 in Long Blades
  2148 | D:4      | Reached XP level 6. HP: 35/56 MP: 5/5
  2198 | D:4      | Reached skill level 5 in Armour
  2318 | D:4      | Reached XP level 7. HP: 18/61 MP: 6/6
  2329 | D:4      | Found a sand-covered staircase.
  2334 | Ossuary  | Entered an ossuary
  3672 | D:5      | Entered Level 5 of the Dungeon
  3727 | D:5      | Reached skill level 6 in Shields
  3998 | D:5      | Found a sacrificial altar of Ru.
  4071 | D:5      | Got a fine rapier
  4072 | D:5      | Identified the +5 rapier of Goyp {freeze, Int+2} (You found it on level 5 of the Dungeon)
  4079 | D:5      | Found a glowing golden altar of the Shining One.
  4150 | D:5      | Reached XP level 8. HP: 50/70 MP: 7/7
  4416 | D:5      | Noticed Menkaure
  4422 | D:5      | Killed Menkaure
  4480 | D:5      | Found a staircase to the Ecumenical Temple.
  4489 | Temple   | Entered the Ecumenical Temple
  4675 | Temple   | Became a worshipper of Warmaster Okawaru
  5531 | D:6      | Reached * piety under Okawaru
  5915 | D:7      | Reached skill level 7 in Shields
  5938 | D:7      | Noticed Joseph
  5957 | D:7      | Killed Joseph
  5957 | D:7      | Reached XP level 9. HP: 27/78 MP: 8/8
  6851 | D:8      | Reached ** piety under Okawaru
  6884 | D:8      | Reached skill level 10 in Long Blades
  6889 | D:8      | Reached skill level 8 in Shields
  7281 | D:8      | Found a bloodstained altar of Trog.
  7801 | D:8      | Reached XP level 10. HP: 71/86 MP: 9/9
  8163 | D:9      | Reached skill level 9 in Shields
  8199 | D:9      | Reached *** piety under Okawaru
  8489 | D:9      | Reached **** piety under Okawaru
  8489 | D:9      | Reached skill level 10 in Shields
  8498 | D:9      | Got a warped long sword {protect}
  8499 | D:9      | Identified the +9 long sword of Gloom {protect, rF+ rN++} (You took it off a tengu conjurer on level 9 of the Dungeon)
  8937 | D:10     | Entered Level 10 of the Dungeon
  9079 | D:10     | Reached skill level 1 in Evocations
  9114 | D:10     | Noticed an ice statue
  9383 | D:10     | Noticed Sonja
  9400 | D:10     | Killed Sonja
  9400 | D:10     | Reached ***** piety under Okawaru
  9492 | D:10     | Reached XP level 11. HP: 72/93 MP: 11/11
  9591 | D:10     | Found a runed door.
  9595 | D:10     | Noticed an unseen horror
  9602 | D:10     | Killed an unseen horror
  9675 | D:10     | Noticed an obsidian statue
  9990 | D:10     | Found Alint's Island Escapes.
 10152 | D:11     | Got a fine dagger
 10154 | D:11     | Identified the +7 dagger of Dodwuhy {freeze, rF++ Str+3} (You found it on level 11 of the Dungeon)
 10194 | D:11     | Noticed a hill giant
 10202 | D:11     | Killed a hill giant
 10202 | D:11     | Reached skill level 10 in Armour
 10338 | D:11     | Reached skill level 11 in Shields
 10427 | D:11     | Received a gift from Okawaru
 10754 | D:11     | Found a portal to a secret trove of treasure.
 10779 | D:11     | You paid a toll of 2 potions of cure mutation to enter a treasure trove
 10780 | Trove    | Entered a treasure trove
 10791 | Trove    | Got a wavering diamond amulet
 10792 | Trove    | Identified the amulet "Xeucs" {Regen+ Int+3 SInv} (You found it in a treasure trove)
 10802 | Trove    | Got a transparent steel amulet
 10805 | Trove    | Identified the amulet of Xom's Amusement {Harm *Drain rF+ MR+ Slay-4} (You found it in a treasure trove)
 10816 | Trove    | Got a fine brass amulet
 10818 | Trove    | Identified the amulet of Mynlaz {Harm *Drain Slay+5} (You found it in a treasure trove)
 10853 | Trove    | Got a heavily runed amethyst amulet
 10855 | Trove    | Identified the amulet "Wofadoc" {Faith +Blink Str-3 Stlth+} (You found it in a treasure trove)
 10886 | Trove    | Got a pitted zirconium amulet
 10888 | Trove    | Identified the amulet of Toc Nafu {Faith MR+} (You found it in a treasure trove)
 10910 | Trove    | Got a scintillating golden ring
 10912 | Trove    | Identified the ring "Susasi" {Fire rN++ MP-9 Slay+5} (You found it in a treasure trove)
 11146 | D:11     | Found a staircase to the Lair.
 11481 | Lair:1   | Entered Level 1 of the Lair of Beasts
 12152 | Lair:1   | Got a jewelled mace
 12153 | Lair:1   | Identified the +9 mace of Peril {venom, rElec rC++ Dex-4} (You found it on level 1 of the Lair of Beasts)
 12164 | Lair:2   | Reached skill level 12 in Shields
 12242 | Lair:2   | Received a gift from Okawaru
 12613 | Lair:2   | Reached XP level 12. HP: 102/105 MP: 3/12
 12801 | Lair:2   | Received a gift from Okawaru
 13288 | Lair:3   | Noticed a five-headed hydra
 13298 | Lair:3   | Killed a two-headed hydra
 13726 | Lair:3   | Reached skill level 1 in Axes
 13795 | Lair:3   | Found a snail-covered altar of Cheibriados.
 13861 | Lair:3   | Found a hole to the Spider Nest.
 13867 | Lair:3   | Reached skill level 10 in Fighting
 14165 | Lair:4   | Reached ****** piety under Okawaru
 14165 | Lair:4   | Reached skill level 1 in Stealth
 14165 | Lair:4   | Reached skill level 13 in Shields
 14234 | Lair:4   | Noticed nano's ghost (journeyman SpEn)
 14242 | Lair:4   | Killed nano's ghost
 14242 | Lair:4   | Received a gift from Okawaru
 14283 | Lair:4   | Found a staircase to the Swamp.
 15107 | Lair:5   | Noticed Kirke
 15111 | Lair:5   | Reached XP level 13. HP: 84/114 MP: 4/13
 15120 | Lair:5   | Killed Kirke
 15138 | Lair:5   | Noticed Urug
 15433 | Lair:5   | Killed Urug
 16097 | Lair:6   | Entered Level 6 of the Lair of Beasts
 16109 | Lair:6   | Reached skill level 15 in Long Blades
 16137 | Lair:6   | Received a gift from Okawaru
 16159 | Lair:6   | Reached skill level 14 in Shields
 16191 | Lair:6   | Found a staircase to the Slime Pits.
 16937 | Lair:6   | Noticed Nessos
 16961 | Lair:6   | Killed Nessos
 16961 | Lair:6   | Received a gift from Okawaru
 17785 | Lair:6   | Reached skill level 15 in Shields
 17813 | Lair:6   | Noticed a dire elephant
 18071 | Lair:5   | Reached XP level 14. HP: 45/125 MP: 5/14
 18356 | Lair:6   | Received a gift from Okawaru
 18842 | Lair:6   | Got a brightly glowing quick blade
 19469 | D:12     | Received a gift from Okawaru
 19564 | D:12     | Noticed Dadi's ghost (novice GrFi)
 19574 | D:12     | Killed Dadi's ghost
 19664 | D:12     | Got a dazzling rapier
 19665 | D:12     | Identified the +6 rapier of Ygeeny {drain, rC+ rN+++ Stlth-} (You found it on level 12 of the Dungeon)
 20173 | D:12     | Found a staircase to the Orcish Mines.
 20465 | D:13     | Found a gate to the Vaults.
 20595 | D:13     | Reached skill level 16 in Shields
 21172 | D:13     | Received a gift from Okawaru
 21628 | D:13     | Found Sig Peos's Magic Scroll Emporium.
 21631 | D:13     | Bought a scroll of identify for 36 gold pieces
 21631 | D:13     | Bought a scroll of teleportation for 54 gold pieces
 21631 | D:13     | Bought a scroll of identify for 36 gold pieces
 21631 | D:13     | Bought a scroll of identify for 36 gold pieces
 21971 | D:14     | Found a sacrificial altar of Ru.
 22350 | D:15     | Entered Level 15 of the Dungeon
 22536 | D:15     | Noticed Rupert
 22545 | D:15     | Received a gift from Okawaru
 22569 | D:15     | Killed Rupert
 22569 | D:15     | Reached XP level 15. HP: 87/136 MP: 4/15
 22761 | D:15     | Found a radiant altar of Vehumet.
 22761 | D:15     | Found a hazy altar of Hepliaklqana.
 22762 | D:15     | Found a hide-covered altar of Uskayaw.
 22764 | D:15     | Noticed Josephine
 22776 | D:15     | Killed Josephine
 22776 | D:15     | Reached skill level 15 in Armour
 22941 | D:15     | Found a staircase to the Depths.
 23059 | D:15     | Received a gift from Okawaru
 23461 | D:15     | Reached skill level 17 in Shields
 23840 | D:15     | Received a gift from Okawaru
 23897 | D:15     | Noticed an iron dragon
 23909 | D:15     | Killed an iron dragon
 23922 | D:15     | Received a gift from Okawaru
 24011 | D:14     | Identified the +10 quick blade of Kismet {vamp, Int+7 Stlth-} (You found it on level 6 of the Lair of Beasts)
 24469 | D:15     | Noticed a sphinx
 24486 | D:15     | Killed a sphinx
 24823 | D:15     | Got a translucent platinum amulet
 24824 | D:15     | Identified the amulet "Qummuj" {Harm *Drain *Slow +Inv rPois rF++} (You found it on level 15 of the Dungeon)
 24856 | D:15     | Got a crude scimitar {antimagic}
 24857 | D:15     | Identified the cursed +1 scimitar of the Eternal Void {antimagic, +Rage rF- MR- Int+5} (You took it off a centaur warrior on level 15 of the Dungeon)
 24880 | D:15     | Identified a scroll of acquirement
 25350 | D:15     | Reached skill level 18 in Shields
 25581 | Orc:1    | Entered Level 1 of the Orcish Mines
 25594 | Orc:1    | Reached skill level 1 in Invocations
 25618 | Orc:1    | Found a frozen archway.
 25695 | Orc:1    | Reached XP level 16. HP: 147/147 MP: 7/16
 25721 | Orc:1    | Noticed Erolcha
 25722 | Orc:1    | Found Asul's Weapon Shoppe.
 25727 | Orc:1    | Killed Erolcha
 25786 | IceCv    | Entered an ice cave
 26005 | IceCv    | Reached skill level 15 in Fighting
 26778 | Orc:2    | Entered Level 2 of the Orcish Mines
 26800 | Orc:2    | Gained mutation: You regenerate slowly when monsters are visible. [a neqoxec]
 26806 | Orc:2    | Received a gift from Okawaru
 26840 | Orc:2    | Found Yddua's Antique Weapon Emporium.
 27137 | Orc:2    | Found Feiwu's General Store.
 27269 | Orc:2    | Noticed Maurice
 27286 | Orc:2    | Killed Maurice
 27454 | Orc:2    | Found Rahiobot's Jewellery Shoppe.
 27472 | Orc:2    | Bought a ring of the Octopus King {rCorr AC+1 EV+1 Str+1 Int+1 Dex+1} for 458 gold pieces
 27520 | Orc:2    | Found a staircase to the Elven Halls.
 27642 | Orc:2    | Found Daddaru's Antique Armour Shoppe.
 27667 | Orc:2    | Bought a distressingly furry plate armour for 532 gold pieces
 27679 | Orc:2    | Identified the +3 plate armour of Context {Str+3 Slay+3 SInv Stlth-} (You bought it in a shop on level 2 of the Orcish Mines)
 27816 | Orc:2    | Found Qyezuyt's Book Boutique.
 28313 | Swamp:1  | Entered Level 1 of the Swamp
 28338 | Swamp:1  | Noticed Donald
 28358 | Swamp:1  | Killed Donald
 28358 | Swamp:1  | Received a gift from Okawaru
 28452 | Swamp:1  | Noticed Aizul
 28479 | Swamp:1  | Killed Aizul
 28479 | Swamp:1  | Reached skill level 19 in Shields
 29529 | Swamp:2  | Noticed nano's ghost (journeyman SpEn)
 29540 | Swamp:2  | Killed nano's ghost
 31201 | Swamp:4  | Entered Level 4 of the Swamp
 31207 | Swamp:4  | Reached XP level 17. HP: 149/158 MP: 8/17
 31325 | Swamp:4  | Received a gift from Okawaru
 31694 | Swamp:4  | Noticed the 27-headed Lernaean hydra
 32137 | Swamp:4  | Reached skill level 5 in Dodging
 32197 | Swamp:4  | Killed the 27-headed Lernaean hydra
 32261 | Swamp:4  | Reached skill level 20 in Shields
 32272 | Swamp:4  | Got a decaying rune of Zot
 32637 | Spider:1 | Entered Level 1 of the Spider Nest
 32680 | Spider:1 | Noticed Agnes
 32709 | Spider:1 | Killed Agnes
 32709 | Spider:1 | Received a gift from Okawaru
 32718 | Spider:1 | Got a translucent scimitar {god gift}
 33008 | Spider:1 | Identified the +7 scimitar of the Dark Horse {slice, rElec rC+} (Okawaru gifted it to you on level 1 of the Spider Nest)
 33172 | Spider:1 | Noticed Asterion
 33184 | Spider:1 | Killed Asterion
 33196 | Spider:1 | Noticed Roxanne
 33311 | Spider:1 | Killed Roxanne
 33312 | Spider:1 | Identified Roxanne's Catalogue of Earth (You took it off Roxanne on level 1 of the Spider Nest)
 33511 | Spider:1 | Noticed Louise
 33524 | Spider:1 | Killed Louise
 34309 | Spider:2 | Received a gift from Okawaru
 35035 | Spider:3 | Noticed Azrael
 35048 | Spider:3 | Killed Azrael
 35405 | Spider:4 | Entered Level 4 of the Spider Nest
 35411 | Spider:4 | Reached XP level 18. HP: 169/169 MP: 9/18
 35563 | Spider:4 | Noticed Nikola
 35584 | Spider:4 | Killed Nikola
 35811 | Spider:4 | Noticed Arachne
 35861 | Spider:4 | Killed Arachne
 35861 | Spider:4 | Received a gift from Okawaru
 35870 | Spider:4 | HP: 3/170 [disintegration (37)]
 36302 | Spider:4 | Reached skill level 21 in Shields
 36393 | Spider:4 | Got a gossamer rune of Zot
 36626 | Spider:4 | Received a gift from Okawaru
 37634 | Elf:1    | Entered Level 1 of the Elven Halls
 38246 | Elf:1    | Received a gift from Okawaru
 38724 | Elf:1    | Got a scorched steel amulet
 38725 | Elf:1    | Found a deep blue altar of Sif Muna.
 38968 | Elf:1    | Identified the amulet of Monotheism {RegenMP rC- Int+4 Dex-4 Slay+5} (You took it off a deep elf demonologist on level 1 of the Elven Halls)
 39160 | Elf:1    | Identified Sif Muna's Almanac of the Escort
 39315 | Elf:1    | Reached XP level 19. HP: 145/179 MP: 11/20
 39332 | Elf:1    | Received a gift from Okawaru
 39594 | Elf:1    | Reached skill level 22 in Shields
 40141 | Elf:2    | Slain by an orc knight

Skill      XL: |  1  2  3  4  5  6  7  8  9 10 11 12 13 14 15 16 17 18 19 |
---------------+----------------------------------------------------------+-----
Shields        | 4 5 6 7 8 10 12 13 15 16 18 19 20 21 22 | 22.1
Long Blades    | 3 4 5 7 9 10 12 13 14 15 16 17 18 19 | 19.7
Fighting       | 4 5 6 7 8 9 10 11 13 14 15 17 18 | 18.5
Armour         | 4 5 6 7 8 9 11 12 13 14 15 16 17 18 | 18.1
Dodging        | 1 2 3 4 5 |  5.4
Evocations     | 1 2 |  2.8
Axes           | 2 3 |  3.7
Stealth        | 1 2 |  2.2
Invocations    | 1 |  1.4
Unarmed Combat | |  0.7

Action                   |  1- 3 |  4- 6 |  7- 9 | 10-12 | 13-15 | 16-18 | 19-21 || total
-------------------------+-------+-------+-------+-------+-------+-------+-------++-------
Melee: Long sword        |    48 |    89 |   519 |   641 |  1169 |   565 |    89 ||  3120
       Headbutt          |    15 |    13 |   101 |   170 |   365 |   460 |    48 ||  1172
       Unarmed           |    11 |       |       |       |       |       |       ||    11
       Battleaxe         |       |       |       |     4 |     8 |       |       ||    12
       Scimitar          |       |       |       |       |    43 |   484 |    34 ||   561
       Demon blade       |       |       |       |       |       |   372 |       ||   372
Invok: Heroism           |       |       |     1 |     2 |     9 |     3 |     1 ||    16
       Finesse           |       |       |       |       |       |     1 |       ||     1
Evoke: Wand              |       |     1 |     5 |    20 |     3 |     5 |       ||    34
  Use: Potion            |       |     3 |     1 |     4 |     3 |     9 |     1 ||    21
       Scroll            |       |       |    23 |    13 |    11 |    12 |     2 ||    61
  Eat: Chunk             |       |     5 |    13 |    21 |    35 |    43 |     2 ||   119
       Meat ration       |       |       |     1 |       |       |       |       ||     1
       Pizza             |       |       |       |     1 |       |     2 |       ||     3
Armor: Scale mail        |    23 |    22 |    43 |       |       |       |       ||    88
       Plate armour      |       |       |   133 |   246 |   528 |   588 |    25 ||  1520
Dodge: Dodged            |    19 |    32 |    87 |   149 |   378 |   623 |    28 ||  1316
Block: Shield            |    24 |    49 |   279 |   391 |   923 |   970 |    66 ||  2702
       Large shield      |       |       |       |       |       |   251 |       ||   251
       Reflection        |       |       |       |       |       |    20 |    14 ||    34
       Rpst.: Long sword |     3 |     8 |    21 |    29 |    85 |    38 |     7 ||   191
       Scimitar          |       |       |       |       |     2 |    32 |     1 ||    35
       Demon blade       |       |       |       |       |       |    22 |       ||    22
